 Dungeon Crawl Stone Soup version 0.26-a0-639-g72c4674329 (webtiles) character file.

Game seed: 8544579490882350375

1871 Borgoz the Skirmisher (level 8, -3/74 HPs)
             Began as a Minotaur Berserker on Sept 18, 2020.
             Was an Elder of Trog.
             Slain by a warg (7 damage)
             ... on level 9 of the Dungeon.
             The game lasted 00:07:50 (5591 turns).

Borgoz the Skirmisher (Minotaur Berserker)          Turns: 5591, Time: 00:07:50

Health: -3/74      AC:  8    Str: 23    XL:     8   Next: 90%
Magic:  7/7        EV: 14    Int:  4    God:    Trog [****..]
Gold:   489        SH:  0    Dex: 11    Spells: 7/7 levels left

rFire    . . .     SeeInvis .   a - +0 falchion
rCold    . . .     Faith    .   (no shield)
rNeg     . . .     Spirit   .   f - +0 ring mail
rPois    .         Reflect  .   (helmet restricted)
rElec    .         Harm     .   l - +0 cloak
rCorr    .         Rampage  .   (no gloves)
MR       .....                  (no boots)
Stlth    +.........             (no amulet)
HPRegen  0.22/turn              (no ring)
MPRegen  0.10/turn              (no ring)

@: berserk cooldown, slowed, very slow
A: retaliatory headbutt, horns 2
a: Berserk, Trog's Hand, Brothers in Arms, Renounce Religion


You were on level 9 of the Dungeon.
You worshipped Trog.
Trog was greatly pleased with you.
You visited 1 branch of the dungeon, and saw 7 of its levels.

You collected 489 gold pieces.

Inventory:

Hand Weapons
 a - a +0 falchion (weapon)
 b - a +0 great sword
Missiles
 p - 2 throwing nets (quivered)
Armour
 f - a +0 ring mail (worn)
 l - a +0 cloak (worn)
Jewellery
 d - an uncursed ring of flight
 y - an uncursed ring of fire
Wands
 q - a wand of random effects (28)
 v - a wand of flame (10)
 x - a wand of iceblast (20)
Scrolls
 c - 4 scrolls of teleportation
 e - 5 scrolls of magic mapping
 h - a scroll of immolation {unknown}
 m - 3 scrolls of enchant armour {unknown}
 s - 4 scrolls of remove curse
 t - a scroll of amnesia {unknown}
 u - a scroll of fear {unknown}
 w - a scroll of random uselessness {unknown}
Potions
 g - a potion of lignification
 i - 2 potions of flight
 j - a potion of cancellation {unknown}
 k - 3 potions of heal wounds
 n - a potion of stabbing
 o - a potion of might
 r - a potion of curing


   Skills:
 + Level 7.8 Fighting
 + Level 7.8 Long Blades
 + Level 7.3 Armour
 + Level 6.6 Dodging


You had 7 spell levels left.
You didn't know any spells.
Your spell library was empty.

Dungeon Overview and Level Annotations

Branches:
Dungeon (6/15)                Orc (0/2) D:9
 Temple: D:4-7

Altars:
Cheibriados
Qazlal
The Shining One
Beogh

Shops:
D:5 [


Innate Abilities, Weirdness & Mutations

You reflexively headbutt those who attack you in melee.
You have a pair of horns on your head.


Message History

The warg bites you.
* * * LOW HITPOINT WARNING * * *
You barely miss the warg. Your headbutt misses the warg.
The warg is almost dead.
You miss the warg. You headbutt the warg.
You kill the warg!
Trog accepts your kill.
You closely miss the warg. Your headbutt misses the warg. The warg bites you!
* * * LOW HITPOINT WARNING * * *
You miss the warg. You barely miss the warg. You headbutt the warg!
The warg is moderately wounded.
The warg bites you!
* * * LOW HITPOINT WARNING * * *
You closely miss the warg. You headbutt the warg.
The warg is heavily wounded.
You are no longer berserk.
You are exhausted.
You feel yourself slow down. The warg bites you!
You die...

####
##...#
#..>.#
#....#
#+#####.#
#....@h.#
####.####
#+


You could see a warg.

Vanquished Creatures
  3 wargs (D:9)
  A water moccasin (D:5)
  A black bear (D:6)
  2 centaurs
  2 bullfrogs (D:6)
  2 scorpions
  A howler monkey (D:5)
  A bullfrog zombie (D:6)
  A jelly (D:4)
  3 orc priests
  A hound (D:4)
  7 orc wizards
  A bullfrog skeleton (D:5)
  A centaur skeleton (D:4)
  Crazy Yiuf (D:2)
  3 iguanas
  Terence (D:2)
  4 worker ants
  A hound skeleton (D:5)
  6 gnolls
  6 adders
  An adder skeleton (D:5)
  An adder zombie (D:4)
  2 worms (D:2)
  A dart slug (D:3)
  2 leopard geckos
  18 orcs
  10 bats
  6 giant cockroaches
  6 goblins
  15 hobgoblins
  8 jackals
  2 kobolds (D:1)
  5 quokkas
  2 ball pythons
  5 frilled lizards
  A jackal skeleton (D:4)
  A leopard gecko zombie (D:6)
  5 rats
140 creatures vanquished.

Notes
Turn   | Place    | Note
-------+----------+-------------------------------------------
     0 | D:1      | Borgoz the Minotaur Berserker began the quest for the Orb.
     0 | D:1      | Reached XP level 1. HP: 19/19 MP: 0/0
   231 | D:1      | Reached XP level 2. HP: 24/27 MP: 1/1
   884 | D:2      | Reached ** piety under Trog
   884 | D:2      | Reached XP level 3. HP: 31/33 MP: 2/2
   923 | D:2      | Found a snail-covered altar of Cheibriados.
   962 | D:2      | Noticed Terence
   976 | D:2      | Killed Terence
   977 | D:2      | Reached XP level 4. HP: 26/41 MP: 3/3
  1147 | D:2      | Found a runed translucent door.
  1148 | D:2      | Noticed Crazy Yiuf
  1340 | D:2      | Killed Crazy Yiuf
  1653 | D:3      | Reached XP level 5. HP: 47/47 MP: 4/4
  1817 | D:3      | Reached *** piety under Trog
  2100 | D:3      | Found a roughly hewn altar of Beogh.
  2309 | D:3      | Reached skill level 5 in Fighting
  2309 | D:3      | Reached skill level 5 in Long Blades
  2315 | D:3      | Reached XP level 6. HP: 47/56 MP: 5/5
  3095 | D:4      | Reached skill level 5 in Armour
  3097 | D:4      | Reached XP level 7. HP: 62/62 MP: 6/6
  3273 | D:4      | Found a glowing golden altar of the Shining One.
  3419 | D:5      | Entered Level 5 of the Dungeon
  3806 | D:5      | Reached skill level 5 in Dodging
  4445 | D:5      | Reached **** piety under Trog
  4629 | D:5      | Found Tifix's Antique Armour Shop.
  4710 | D:5      | Found a stormy altar of Qazlal.
  4919 | D:6      | Reached XP level 8. HP: 54/71 MP: 7/7
  5564 | D:6      | You fall into a shaft and drop 3 floors!
  5564 | D:9      | Found a staircase to the Orcish Mines.
  5591 | D:9      | Slain by a warg

Illustrated notes

Levels and vault maps discovered:
D:1:      roderic_crop_circles_arrival_small, layout_loops_ring, nrook_uturn,
          hangedman_decor_push
D:2:      layout_rooms, cheibriados_altar_1, uniq_terence,
          uniq_crazy_yiuf_cottage
D:3:      layout_basic, kennysheep_orc_chapel
D:4:      layout_gridville, tso_oasis_becter, serial_glass, glass_columns_a,
          glass_columns_a
D:5:      layout_gridville, nicolae_qazlal_general_emergency, serial_shops, shop
D:6:      layout_cave_pools
D:9:      layout_roguey, dancing_weapons_uskayaw, lemuel_crystal_altar,
          minmay_orc_entry_guard_dogs, uniq_grum

Skill      XL: |  1  2  3  4  5  6  7  8 |
---------------+-------------------------+-----
Fighting       | 4 5 6 7 |  7.8
Long Blades    | 4 5 6 7 |  7.8
Armour         | 3 4 5 6 7 |  7.3
Dodging        | 3 4 5 6 |  6.6

Action                   |  1- 3 |  4- 6 |  7- 9 || total
-------------------------+-------+-------+-------++-------
Melee: Falchion          |    62 |   129 |   158 ||   349
       Headbutt          |    13 |    33 |    49 ||    95
Invok: Trog's Hand       |     1 |     1 |       ||     2
       Berserk           |       |     3 |     2 ||     5
  Use: Scroll            |       |     3 |     4 ||     7
       Potion            |       |     1 |       ||     1
Armor: Ring mail         |    17 |    39 |    51 ||   107
Dodge: Dodged            |    30 |    82 |   105 ||   217
       Rpst.: Falchion   |    11 |    25 |    30 ||    66

Table legend: (Time is in decaauts)
 A = Elapsed time spent in this place.
 B = Non-inter-level travel time spent in this place.
 C = Inter-level travel time spent in this place.
 D = Time resting spent in this place.
 E = Time spent auto-exploring this place.
 F = Levels seen in this place.
 G = Mean time per level.
                   A        B        C        D        E       F      G
               +--------+--------+--------+--------+--------+-----+--------+
         Total |   5621 |   5439 |    182 |   1489 |   3147 |   7 |  803.0 |
       Dungeon |   5621 |   5439 |    182 |   1489 |   3147 |   7 |  803.0 |
               +--------+--------+--------+--------+--------+-----+--------+

Top non-repeatable levels by time:
     D:5: 1488 daAuts
     D:3: 1137 daAuts
     D:1: 790 daAuts
     D:2: 785 daAuts
     D:4: 743 daAuts
     D:6: 656 daAuts
     D:9: 20 daAuts
